 Dungeon Sprint DCSS version 0.27-a0-1219-g958d993ae5 (webtiles) character file.

Game seed: 11517883617015125152

114 mhtbhm the Magician (level 4, -5/21 HPs)
             Began as a Spriggan Earth Elementalist on June 6, 2021.
             Was an Initiate of Vehumet.
             Splashed by an acid dragon's acid (10 damage)
             ... in the Dungeon (Sprint IX: "|||||||||||||||||||||||||||||").
             The game lasted 00:01:23 (547 turns).

mhtbhm the Magician (Spriggan Earth Elementalist)    Turns: 547, Time: 00:01:23

Health: -5/21      AC: -1    Str:  4    XL:     4   Next: 66%
Magic:  11/14      EV: 20    Int: 20    God:    Vehumet [......]
Gold:   0          SH:  0    Dex: 15    Spells: 11/17 levels left

rFire    . . .     SeeInvis +   a - +2 rapier (drain)
rCold    . . .     Faith    .   (shield restricted)
rNeg     . . .     Spirit   .   c - +0 robe
rPois    .         Reflect  .   (helmet restricted)
rElec    .         Harm     .   m - +0 cloak
rCorr    .         Rampage  .   (gloves unavailable)
Will     .....     NoTele   +   (boots unavailable)
Stlth    +++.......             (no amulet)
HPRegen  0.07/turn              n - +2 ring of evasion
MPRegen  0.14/turn              o - +3 ring of intelligence

@: corroded, very quick
A: very small, no large weapons, unfitting armour, see invisible, speed 3
a: Renounce Religion


You were in the Dungeon.
You worshipped Vehumet.
Vehumet was noncommittal.
You visited 1 branch

Inventory:

Hand Weapons
 a - a +2 rapier of draining (weapon)
Missiles
 b - 12 stones
Armour
 c - a +0 robe (worn)
 m - a +0 cloak (worn)
Jewellery
 n - a +2 ring of evasion (left hand)
 o - a +3 ring of intelligence (right hand)
Wands
 k - a wand of acid (8)
Scrolls
 i - 2 scrolls of blinking
 j - 2 scrolls of amnesia
Potions
 d - 5 potions of curing
 e - 3 potions of heal wounds
 f - a potion of haste
 g - 3 potions of magic
 h - a potion of berserk rage
 l - a potion of invisibility


   Skills:
 + Level 4.3 Dodging
 + Level 4.4 Stealth
 + Level 7.0 Spellcasting
 + Level 1.6 Transmutations
 + Level 6.7 Earth Magic


You had 11 spell levels left.
You knew the following spells:

 Your Spells              Type           Power      Damage    Failure   Level
a - Sandblast             Erth           68%        2d15      1%          1
b - Passwall              Tmut/Erth      19%        N/A       2%          2
c - Stone Arrow           Conj/Erth      40%        3d9       7%          3

Your spell library contained the following spells:

 Spells                   Type           Power      Damage    Failure   Level
 Lee's Rapid Deconstruct  Erth           17%        3d11*     16%         5
 Petrify                  Tmut/Erth      23%        N/A       17%         4


Dungeon Overview and Level Annotations

Branches:
Dungeon (1/1)

Altars:
Cheibriados
Dithmenos
Elyvilon
Fedhas
Gozag
Hepliaklqana
Kikubaaqudgha
Makhleb
Nemelex Xobeh
Okawaru
Qazlal
Ru
Sif Muna
Trog
Uskayaw
Vehumet
Wu Jian
Xom
Yredelemnul
Zin
The Shining One
Beogh
Jiyva
Lugonu


Innate Abilities, Weirdness & Mutations

You are very small and have problems with some larger weapons.
You are too small for most types of armour.
You have supernaturally acute eyesight. (SInv)
You cover ground extremely quickly. (Speed+++)


Message History

Press: ? - help, Shift-Dir - straight line, f - jackal zombie
Aim: a jackal zombie (89% to hit)
The blast of sand misses the jackal zombie.
The acid dragon roars!
The jackal zombie misses you.
Unknown command.
You see here a +0 plate armour.
Casting: Sandblast (safe; 1% risk of failure)
Confirm with . or Enter, or press ? or * to list all spells.
Aiming: Sandblast (safe; 1% risk of failure)
Press: ? - help, Shift-Dir - straight line, f/p - jackal zombie
Aim: a jackal zombie (89% to hit)
The blast of sand hits the jackal zombie!!
You destroy the jackal zombie!
Vehumet accepts your kill.
Your Spellcasting skill increases to level 7!
There are monsters nearby!
Aiming: Corrosive Bolt
Press: ? - help, Shift-Dir - straight line, f - troll
Aim: a troll (71% to hit)
The bolt of acid hits the troll!
The troll is splashed with acid.
The troll is heavily wounded.
The bolt of acid hits the acid dragon.
The acid dragon is lightly wounded.
Unknown command.
Aiming: Corrosive Bolt
Press: ? - help, Shift-Dir - straight line, f/p - troll
Aim: a troll (heavily wounded, 71% to hit)
The bolt of acid hits the troll!
The troll is splashed with acid!
The acid corrodes the troll!
You kill the troll!
Vehumet accepts your kill.
The bolt of acid hits the acid dragon.
The acid dragon is moderately wounded.
The acid dragon spits acid at you. The splash of acid hits you!
Ouch! That really hurt!
* * * LOW HITPOINT WARNING * * *
The acid corrodes you!
You are splashed with acid!
You die...

▓.▓
▓Z▓
▓.▓
▓Y▓
▓D▓
▓'▓
▓.▓
▓.▓
▓@▓
▓[▓
▓.▓
▓.▓
▓)▓
▓.▓
▓.▓
▓'▓
▓_▓


You could see a yak, an acid dragon (catching breath) and a ball python zombie.

Vanquished Creatures
  A troll (D)
  A phantom (D)
  An iguana (D)
  An adder (D)
  2 bat zombies (D)
  An endoplasm (D)
  2 giant cockroaches (D)
  A kobold (D)
  A jackal zombie (D)
  A rat (D)
12 creatures vanquished.

Notes
Turn   | Place    | Note
-------+----------+-------------------------------------------
     0 | D        | mhtbhm the Spriggan Earth Elementalist began the quest for
                  | the Orb.
     0 | D        | Reached XP level 1. HP: 9/9 MP: 5/5
    52 | D        | Reached skill level 3 in Spellcasting
   199 | D        | Noticed a phantom
   199 | D        | Noticed an iguana
   220 | D        | Killed an iguana
   221 | D        | Reached skill level 4 in Spellcasting
   221 | D        | Reached skill level 5 in Earth Magic
   221 | D        | Reached XP level 2. HP: 13/13 MP: 1/8
   221 | D        | Reached XP level 3. HP: 16/16 MP: 1/10
   232 | D        | Killed a phantom
   233 | D        | Reached skill level 6 in Spellcasting
   233 | D        | Reached XP level 4. HP: 17/21 MP: 5/13
   475 | D        | Found a snail-covered altar of Cheibriados.
   475 | D        | Found a shadowy altar of Dithmenos.
   475 | D        | Found a white marble altar of Elyvilon.
   475 | D        | Found a blossoming altar of Fedhas.
   475 | D        | Found an opulent altar of Gozag.
   476 | D        | Found a hazy altar of Hepliaklqana.
   477 | D        | Found a viscous altar of Jiyva.
   478 | D        | Found an ancient bone altar of Kikubaaqudgha.
   479 | D        | Found a corrupted altar of Lugonu.
   480 | D        | Found a burning altar of Makhleb.
   481 | D        | Found a sparkling altar of Nemelex Xobeh.
   482 | D        | Found an iron altar of Okawaru.
   483 | D        | Found a stormy altar of Qazlal.
   484 | D        | Found a sacrificial altar of Ru.
   485 | D        | Found a shimmering blue altar of Sif Muna.
   486 | D        | Found a bloodstained altar of Trog.
   487 | D        | Found a hide-covered altar of Uskayaw.
   488 | D        | Found a radiant altar of Vehumet.
   489 | D        | Found an ornate altar of the Wu Jian Council.
   490 | D        | Found a shimmering altar of Xom.
   491 | D        | Found a basalt altar of Yredelemnul.
   492 | D        | Found a glowing silver altar of Zin.
   493 | D        | Found a glowing golden altar of the Shining One.
   500 | D        | Became a worshipper of Vehumet
   537 | D        | Learned a level 2 spell: Passwall
   541 | D        | Learned a level 3 spell: Stone Arrow
   541 | D        | Noticed a yak
   541 | D        | Noticed an acid dragon
   541 | D        | Noticed a troll
   546 | D        | Reached skill level 7 in Spellcasting
   547 | D        | Killed a troll
   547 | D        | Splashed by an acid dragon's acid

Illustrated notes

Levels and vault maps discovered:
D:        linesprint [early_d, line_temple, items_1, d_10, items_2, lair_1,
          lair_end, items_3, orc_1, orc_end, items_4, d_15, swamp_1, shoals_1,
          snake_1, spider_1, d_20, vaults_1, items_5, swamp_end, shoals_end,
          snake_end, spider_end, vaults_end, d_27, items_6, zot_1, zot_end,
          crypt_end, forest_end, elf_end, slime_end, tomb_end, abyss_end,
          pan_hell_end]

Skill      XL: |  1  2  3  4 |
---------------+-------------+-----
Earth Magic    | 5 6 |  6.7
Spellcasting   | 4 6 7 |  7.0
Dodging        | 3 4 |  4.3
Stealth        | 4 |  4.4
Transmutations | |  1.6

Action                   |  1- 3 |  4- 6 || total
-------------------------+-------+-------++-------
Melee: Unarmed           |       |     4 ||     4
 Cast: Sandblast         |    20 |     3 ||    23
Evoke: Wand              |       |     2 ||     2
  Use: Potion            |     1 |       ||     1
 Stab: Sleeping          |       |     1 ||     1
Dodge: Dodged            |     8 |     5 ||    13

Table legend: (Time is in decaauts)
 A = Elapsed time spent in this place.
 B = Non-inter-level travel time spent in this place.
 C = Inter-level travel time spent in this place.
 D = Time resting spent in this place.
 E = Time spent auto-exploring this place.
 F = Levels seen in this place.
 G = Mean time per level.
                   A        B        C        D        E       F      G
               +--------+--------+--------+--------+--------+-----+--------+
         Total |    515 |    515 |      0 |    409 |      1 |   1 |  515.0 |
       Dungeon |    515 |    515 |      0 |    409 |      1 |   1 |  515.0 |
               +--------+--------+--------+--------+--------+-----+--------+

Top non-repeatable levels by time:
       D: 515 daAuts
